 Dungeon Sprint DCSS version 0.17-a0-1575-g9a29ec8 (webtiles) character file.

0 nuthulu the Skirmisher (level 3, -2/36 HPs)
             Began as a Minotaur Berserker on July 26, 2015.
             Was a Believer of Trog.
             Slain by a river rat (10 damage)
             ... summoned by Eustachio
             ... in the Dungeon (Sprint VI: "Thunderdome").
             The game lasted 00:00:30 (46 turns).

nuthulu the Skirmisher (Minotaur Berserker)           Turns: 46, Time: 00:00:30

Health: -2/36      AC:  2    Str: 26    XL:     3   Next: 32%
Magic:  2/2        EV: 13    Int:  4    God:    Trog [**....]
Gold:   32         SH:  0    Dex: 10    Spells: 0 memorised, 2 levels left

rFire  . . .     SeeInvis .     a - +0 hand axe
rCold  . . .     Clarity  .     b - +0 animal skin
rNeg   . . .     SustAt   .     (no shield)
rPois  .         Gourm    .     (helmet restricted)
rElec  .         Spirit   .     (no cloak)
rCorr  .         Warding  .     (no gloves)
rMut   .         NoTele   +     (no boots)
MR     .....                    (no amulet)
Stlth  +.........               (no ring)
                                (no ring)

@: mighty, not resistant to hostile enchantments, very unstealthy
A: retaliatory headbutt, horns 2
a: Burn Spellbooks, Berserk, Trog's Hand, Renounce Religion


You were in the Dungeon.
You worshipped Trog.
Trog was pleased with you.
You were not hungry.

You visited 1 branch You collected 200 gold pieces.
You spent 168 gold pieces at shops.

Inventory:

Hand weapons
 a - a +0 hand axe (weapon)
Armour
 b - a +0 animal skin (worn)
Magical devices
 j - a wand of cold (5)
 k - a wand of fire (5)
Scrolls
 i - 4 scrolls of blinking
 l - 3 scrolls of fog
Potions
 d - a potion of curing
 e - 4 potions of heal wounds
 f - 4 potions of haste
 g - 2 potions of magic
 h - a potion of berserk rage
 m - a potion of resistance
 n - 5 potions of might
Comestibles
 c - a bread ration


   Skills:
 + Level 5.4 Fighting
 + Level 5.4 Axes
 + Level 4.4 Armour
 + Level 4.1 Dodging


You had 2 spell levels left.
You didn't know any spells.

Dungeon Overview and Level Annotations

Branches:
Dungeon (1/1)

Altars:
Cheibriados
Fedhas
Okawaru
Qazlal
Sif Muna
Trog
The Shining One
Jiyva
Lugonu

Shops:
D ??:(!!!!

Annotations:
D Eustachio


Innate Abilities, Weirdness & Mutations

You reflexively headbutt those who attack you in melee.
You have a pair of horns on your head.


Message History

The river rat barely misses you.
Eustachio casts a spell.
Eustachio blinks!
The river rat bites you. Eustachio hits you with a rapier!
The river rat barely misses you.
You barely miss Eustachio. You hit the river rat.
The river rat is moderately wounded.
Eustachio closely misses you. You furiously retaliate!
You headbutt Eustachio! The river rat bites you!
* * * LOW HITPOINT WARNING * * *
You closely miss Eustachio.
Eustachio is moderately wounded.
You closely miss the river rat.
The river rat is moderately wounded.
Eustachio mumbles some strange words.
Eustachio blinks!
The river rat bites you but does no damage.
Eustachio mumbles some strange words.
The river rat bites you!
You die...

_........#
###.........###
#⌠...........⌠#
#.8.........8.######
......###.......__∩##
...8. #.8........∩###
.....###......§......#
#...###..........⌠#
#.<.# #..r@......⌠#
#...# #..........⌠#
..###....r...b....##
..8. #.8....@...∩###
..... #......r__∩##
#.8.. .....8.######
#⌠.. ......⌠# ###.
....###


You could see Eustachio, 3 river rats and a bat.

Vanquished Creatures
  A quasit (D)
  A shadow imp (D)
2 creatures vanquished.

Notes
Turn   | Place    | Note
--------------------------------------------------------------
     0 | D        | nuthulu the Minotaur Berserker began the quest for the Orb.
     0 | D        | Reached XP level 1. HP: 19/19 MP: 0/0
     2 | D        | Found a deep blue altar of Sif Muna.
     2 | D        | Found a viscous altar of Jiyva.
     3 | D        | Found a snail-covered altar of Cheibriados.
     3 | D        | Found a glowing golden altar of the Shining One.
     4 | D        | Found Bagg's Distillery.
     4 | D        | Found a corrupted altar of Lugonu.
     4 | D        | Found a blossoming altar of Fedhas.
     4 | D        | Found Yduoq's Do-It-Yourself Clinic.
     5 | D        | Found Pecil's Distillery.
     5 | D        | Found Fuxecuikk's Bottled Wisdom.
     5 | D        | Round 1.
     8 | D        | Noticed a quasit
    12 | D        | Bought 6 potions of might for 168 gold pieces
    13 | D        | Reached skill level 4 in Fighting
    15 | D        | Killed a quasit
    15 | D        | Acquired Trog's second power
    15 | D        | Reached skill level 5 in Fighting
    15 | D        | Reached skill level 5 in Axes
    15 | D        | Reached XP level 2. HP: 17/29 MP: 1/1
    15 | D        | Reached XP level 3. HP: 21/36 MP: 2/2
    33 | D        | Noticed Eustachio
    33 | D        | Found Ygonegg's Staff Store.
    34 | D        | Found an iron altar of Okawaru.
    34 | D        | Found a bloodstained altar of Trog.
    34 | D        | Found a stormy altar of Qazlal.
    34 | D        | Found Opihiut's Magic Scroll Shop.
    34 | D        | Found Waipun's Must-Have Magic.
    34 | D        | Found Qaojeist's Magic Scroll Shop.
    46 | D        | Slain by a river rat

Vault maps used:
D:        arena_sprint

Action                   || total
-------------------------++-------
Melee: Hand axe          ||     5
  Use: Potion            ||     1
